 Dungeon Crawl Stone Soup version 0.23.2-30-g0e89c35649 (webtiles) character file.

Game seed: 3164463712621460470

641 PentaManta the Spear-Bearer (level 7, -15/50 HPs)
             Began as a Merfolk Gladiator on June 10, 2019.
             Demolished by an ogre
             ... wielding a +0 giant club
              (25 damage)
             ... on level 6 of the Dungeon.
             The game lasted 00:11:21 (5496 turns).

PentaManta the Spear-Bearer (Merfolk Gladiator)     Turns: 5496, Time: 00:11:22

Health: -15/50     AC:  7    Str: 16    XL:     7   Next: 51%
Magic:  7/7        EV: 21    Int:  8    God:
Gold:   318        SH:  0    Dex: 20    Spells: 6/6 levels left

rFire    . . .     SeeInvis .   a - +0 trident
rCold    . . .     Gourm    .   (no shield)
rNeg     . . .     Faith    .   t - +0 ring mail
rPois    .         Spirit   .   c - +0 helmet
rElec    .         Reflect  .   G - +0 cloak
rCorr    .         Harm     .   (no gloves)
MR       .....                  (no boots)
Stlth    ++........             n - amulet of the acrobat
HPRegen  0.16/turn              b - +1 ring of slaying
MPRegen  0.10/turn              (no ring)

@: agile
A: change form in water, swift swim, stealthy swim
a: no special abilities


You were on level 6 of the Dungeon.
You were near starving.

You visited 1 branch of the dungeon, and saw 6 of its levels.

You collected 318 gold pieces.

Inventory:

Hand Weapons
 a - a +0 trident (weapon)
Missiles
 d - a throwing net (quivered)
 x - 18 tomahawks
 B - 3 poisoned javelins
Armour
 c - a +0 helmet (worn)
 g - a scarf of resistance
 t - a +0 ring mail (worn)
 y - a +0 scale mail
 G - a +0 cloak (worn)
Jewellery
 b - a +1 ring of slaying (left hand)
 n - an amulet of the acrobat (around neck)
Wands
 w - a wand of random effects (20)
Scrolls
 e - a scroll of remove curse
 k - 7 scrolls of identify
 o - a scroll of immolation {unknown}
 p - 4 scrolls of enchant weapon {unknown}
 q - a scroll of blinking {unknown}
 s - 2 scrolls of enchant armour {unknown}
 u - 2 scrolls of fog {unknown}
 C - a scroll of teleportation {unknown}
 D - a scroll of amnesia {unknown}
 F - a scroll of random uselessness {unknown}
Potions
 h - 3 potions of lignification
 i - 2 potions of haste {unknown}
 j - 2 potions of ambrosia {unknown}
 l - 2 potions of heal wounds {unknown}
 m - 2 potions of might {unknown}
 r - 2 potions of curing {unknown}
 v - a potion of cancellation {unknown}
 z - 3 potions of flight {unknown}
 A - a potion of agility
 E - a potion of magic {unknown}
Comestibles
 f - 14 rations


   Skills:
 - Level 2.1 Fighting
 + Level 8.3 Polearms
 - Level 2.0 Throwing
 * Level 2.4 Armour
 + Level 7.6 Dodging


You had 6 spell levels left.
You didn't know any spells.
Your spell library was empty.

Dungeon Overview and Level Annotations

Branches:
Dungeon (6/15)
 Temple: D:4-7

Altars:
Gozag
Kikubaaqudgha
Wu Jian
Xom
Zin
The Shining One


Message History

The ogre struggles against the net.
The ogre struggles against the net.
The ogre struggles against the net.
As you read the scroll labeled XITADE LEGYF, it crumbles to dust.
You feel blessed for a moment.
It was a scroll of remove curse.
The ogre struggles against the net.
The net rips apart, and the ogre comes free!
As you read the scroll labeled CUTELL NEEJ, it crumbles to dust.
It is a scroll of identify.
h - 3 potions of lignification The ogre misses you.
The orc priest calls down the wrath of Beogh upon you.
Beogh smites you!
* * * LOW HITPOINT WARNING * * *
Okay, then.
It was a potion of agility.
You feel agile all of a sudden.
The ogre hits you with a +0 giant club!!
Ouch! That really hurt!
You die...

##+###<.....#
#.....##############
+.....# #.......#
#.....# #.......#
#.....# #.......#
#.....# #.......##
#.....# #.........
###.....# #.....)...
...<...o.# #@..).....
....####.######O........
....#....#..o.##o#####.
... #...#.(.oO(.oc...#
.. #...#...o5#.h..$....
#...#.....#.........
#...#.....##.....##.
+...#.....##.....#
#...##....##.......


You could see an ogre, a centaur, a howler monkey, an orc priest and an orc.

Vanquished Creatures
  A sky beast (D:6)
  An ogre (D:5)
  A scorpion (D:4)
  A hound (D:4)
  An orc priest (D:4)
  2 orc wizards
  3 worker ants
  A howler monkey skeleton (D:5)
  9 adders
  3 worms
  2 dart slugs (D:1)
  6 leopard geckos
  12 orcs
  6 bats
  8 giant cockroaches
  10 goblins
  10 hobgoblins
  A jackal (D:2)
  16 kobolds
  3 quokkas
  6 ball pythons
  6 frilled lizards
  A leopard gecko skeleton (D:5)
  11 rats
  2 butterflies (D:3)
  A plant (D:2)
124 creatures vanquished.

Notes
Turn   | Place    | Note
-------+----------+-------------------------------------------
     0 | D:1      | PentaManta the Merfolk Gladiator began the quest for the
                  | Orb.
     0 | D:1      | Reached XP level 1. HP: 16/16 MP: 1/1
    97 | D:1      | Reached XP level 2. HP: 19/22 MP: 2/2
   146 | D:1      | Reached skill level 5 in Polearms
   279 | D:1      | Reached XP level 3. HP: 22/27 MP: 3/3
   600 | D:2      | Found a glowing silver altar of Zin.
   619 | D:2      | Reached skill level 5 in Dodging
   894 | D:2      | Reached XP level 4. HP: 30/33 MP: 4/4
   973 | D:2      | Reached skill level 6 in Polearms
  1395 | D:2      | Reached XP level 5. HP: 33/38 MP: 5/5
  1741 | D:2      | Found an ornate altar of the Wu Jian Council.
  2336 | D:3      | Reached skill level 7 in Polearms
  2468 | D:3      | Found an ancient bone altar of Kikubaaqudgha.
  2897 | D:3      | Found a shimmering altar of Xom.
  3434 | D:4      | Reached XP level 6. HP: 35/44 MP: 6/6
  3872 | D:4      | Reached skill level 1 in Armour
  4236 | D:4      | Found an opulent altar of Gozag.
  4687 | D:5      | Entered Level 5 of the Dungeon
  4714 | D:5      | Reached skill level 8 in Polearms
  4714 | D:5      | Reached XP level 7. HP: 36/50 MP: 7/7
  5212 | D:5      | Found a glowing golden altar of the Shining One.
  5496 | D:6      | Demolished by an ogre

Skill      XL: |  1  2  3  4  5  6  7 |
---------------+----------------------+-----
Polearms       | 5 6 7 8 |  8.3
Dodging        | 5 6 7 |  7.6
Armour         | 1 2 |  2.4
Fighting       | |  2.1
Throwing       | |  2.0

Action                   |  1- 3 |  4- 6 |  7- 9 || total
-------------------------+-------+-------+-------++-------
Melee: Trident           |   105 |   379 |    62 ||   546
       Tailslap          |       |     1 |       ||     1
Throw: Throwing net      |     2 |       |     1 ||     3
  Use: Scroll            |       |       |     2 ||     2
       Potion            |       |       |     1 ||     1
 Stab: Distracted        |     1 |       |       ||     1
       Held in net/web   |     1 |       |       ||     1
       Sleeping          |       |     2 |       ||     2
  Eat: Chunk             |       |     9 |     1 ||    10
       Ration            |       |     1 |       ||     1
Armor: Leather armour    |    22 |    25 |       ||    47
       Ring mail         |       |    58 |    17 ||    75
Dodge: Dodged            |    67 |   233 |    51 ||   351
